 Dungeon Crawl Stone Soup version 0.29.1-4-g47bece8355 (webtiles) character file.

Game seed: 12606107769443722544

817 KittyFluff the Cudgeller (level 7, -6/44 HPs)
             Began as a Gargoyle Berserker on Dec 1, 2022.
             Was a Believer of Trog.
             Killed by divine providence
             ... invoked by an orc priest
              (16 damage)
             ... on level 7 of the Dungeon.
             The game lasted 00:20:14 (4718 turns).

KittyFluff the Cudgeller (Gargoyle Berserker)       Turns: 4718, Time: 00:20:15

Health: -6/44      AC: 12    Str: 23    XL:     7   Next: 94%
Magic:  7/7        EV: 12    Int:  7    God:    Trog [**....]
Gold:   169        SH:  0    Dex:  9    Spells: 6/6 levels left

rFire   . . .      SeeInvis +   a - +0 mace
rCold   . . .      Faith    .   (no shield)
rNeg    + . .      Spirit   .   l - +1 robe {Will+}
rPois   ∞          Reflect  .   (no helmet)
rElec   +          Harm     .   B - +1 cloak
rCorr   .          Rampage  .   c - +1 pair of gloves
Will    +....                   (no boots)
Stlth   ++........              t - amulet of the acrobat
HPRegen 0.14/turn               v - ring of see invisible
MPRegen 0.10/turn               (no ring)

@: no status effects
A: sickness immunity, AC +4, negative energy resistance 1, electricity
resistance, torment resistance 1, petrification resistance
a: Renounce Religion, Berserk, Trog's Hand


You were on level 7 of the Dungeon.
You worshipped Trog.
Trog was pleased with you.
You visited 1 branch of the dungeon, and saw 6 of its levels.

You collected 169 gold pieces.

Inventory:

Hand Weapons
 a - a +0 mace (weapon)
 C - the +4 hand axe "Newtbane" {elec, rElec rPois rF++ Str+3}
   (You found it on level 4 of the Dungeon)

   It occasionally discharges a powerful burst of electricity upon striking a
   foe.
   Str:       It affects your strength (+3).
   rF:        It greatly protects you from fire.
   rElec:     It insulates you from electricity.
   rPois:     It protects you from poison.
Missiles
 d - 58 stones (quivered)
 y - 5 poisoned darts
Armour
 b - a +2 scale mail of cold resistance
 c - a +1 pair of gloves (worn)
 l - a +1 robe of willpower (worn)
 B - a +1 cloak (worn)
 D - a +0 leather armour
Jewellery
 t - an amulet of the acrobat (around neck)
 u - a ring of ice
 v - a ring of see invisible (left hand)
Wands
 I - a wand of acid (7)
Scrolls
 h - a scroll of immolation {unknown}
 j - 4 scrolls of teleportation
 m - a scroll of noise {unknown}
 q - 2 scrolls of vulnerability {unknown}
 s - a scroll of fog {unknown}
 w - a scroll of enchant weapon {unknown}
 x - a scroll of enchant armour {unknown}
 E - a scroll of summoning {unknown}
 F - a scroll of blinking {unknown}
 H - 2 scrolls of identify
Potions
 e - 2 potions of might
 f - a potion of invisibility
 g - a potion of cancellation
 i - 3 potions of curing {unknown}
 k - 3 potions of haste {unknown}
 n - a potion of resistance {unknown}
 o - 2 potions of attraction {unknown}
 p - a potion of lignification {unknown}
 r - a potion of mutation {unknown}
 z - a potion of brilliance {unknown}
 A - a potion of magic {unknown}
 G - a potion of flight {unknown}
 J - a potion of heal wounds {unknown}


   Skills:
 + Level 5.0 Fighting
 + Level 6.1 Maces & Flails
 + Level 0.3 Throwing
 * Level 4.7 Armour
 + Level 3.3 Dodging
 + Level 1.9 Stealth


You had 6 spell levels left.
You didn't know any spells.
Your spell library was empty.

Dungeon Overview and Level Annotations

Branches:
Dungeon (7/15)
 Temple: D:4-7

Altars:

Shops:
D:3 [

Annotations:
D:5 Eustachio


Innate Abilities, Weirdness & Mutations

You are immune to sickness and miasma.
Your stone body is resilient. (AC +4)
You are immune to poison.
You resist negative energy. (rN+)
You are resistant to electric shocks. (rElec)
You are resistant to unholy torment.
You are immune to petrification.


Message History

You kill the orc!
Trog accepts your kill. The orc closely misses you.
The orc priest calls down the wrath of Beogh upon you.
Beogh smites you!
* * * LOW HITPOINT WARNING * * *
You sock the orc!
You kill the orc!
Trog accepts your kill. The orc priest closely misses you.
The orc priest misses you.
Things that are here:
a +0 falchion; a +0 leather armour You barely miss the orc priest.
The orc priest barely misses you.
You hit the orc priest.
The orc priest is lightly wounded.
The orc priest closely misses you.
You barely miss the orc priest.
The orc priest is lightly wounded.
The orc priest hits you but does no damage.
You hit the orc priest.
The orc priest is heavily wounded.
The orc priest hits you but does no damage.
You hit the orc priest.
The orc priest is severely wounded.
The orc priest barely misses you.
You completely miss the orc priest.
The orc priest is severely wounded.
The orc priest hits you but does no damage.
You hit the orc priest but do no damage.
The orc priest is severely wounded.
The orc priest barely misses you.
You closely miss the orc priest.
The orc priest is severely wounded.
The orc priest barely misses you.
You hit the orc priest.
The orc priest is severely wounded.
The orc priest invokes the aid of Beogh against you.
Beogh smites you!
You die...

.# #....# .# #.....
#######.## #. ...
#........# ###.
o.##........# #...
..#........### #...
#.#..........#
####..o####.#####.##...#
....?..@.)..............
############.####.######
#.####)# #....#.#
####>..# #.### #.#
########.# #........#


You could see an orc priest.

Vanquished Creatures
  A black bear (D:5)
  An ice beast (D:5)
  2 bullfrogs (D:7)
  A necrophage (D:5)
  3 scorpions
  A jelly (D:7)
  A gnoll bouda (D:5)
  Jessica (D:2)
  An iguana (D:5)
  An orc wizard (D:4)
  3 gnolls (D:5)
  3 adders
  A white imp (D:4)
  3 worms
  2 dart slugs
  8 orcs
  3 ball pythons
  5 bats
  An endoplasm (D:3)
  A giant cockroach (D:2)
  4 goblins
  A hobgoblin (D:3)
  3 jackals (D:3)
  5 kobolds
  A quokka (D:4)
  4 frilled lizards
  5 rats
66 creatures vanquished.

Notes
Turn   | Place    | Note
-------+----------+-------------------------------------------
     0 | D:1      | KittyFluff the Gargoyle Berserker began the quest for the
                  | Orb.
     0 | D:1      | Reached XP level 1. HP: 14/14 MP: 1/1
   246 | D:1      | Found a faded altar of an unknown god.
   599 | D:1      | Reached XP level 2. HP: 16/19 MP: 2/2
   803 | D:2      | Noticed Jessica
   815 | D:2      | Killed Jessica
   816 | D:2      | Reached XP level 3. HP: 24/24 MP: 3/3
  1665 | D:2      | Reached XP level 4. HP: 29/29 MP: 4/4
  2065 | D:2      | Reached skill level 4 in Maces & Flails
  2193 | D:3      | Reached ** piety under Trog
  2703 | D:3      | Found Efil's Armour Shop.
  3135 | D:4      | Noticed a scorpion
  3147 | D:4      | Killed a scorpion
  3148 | D:4      | Reached skill level 1 in Stealth
  3148 | D:4      | Reached XP level 5. HP: 27/33 MP: 5/5
  3292 | D:4      | Identified the +4 hand axe "Newtbane" {elec, rElec rPois
                  | rF++ Str+3}
  3543 | D:4      | Reached XP level 6. HP: 21/38 MP: 6/6
  3820 | D:5      | Entered Level 5 of the Dungeon
  3845 | D:5      | Reached skill level 5 in Maces & Flails
  3879 | D:5      | Noticed a black bear
  3893 | D:5      | Killed a black bear
  3894 | D:5      | Reached XP level 7. HP: 42/44 MP: 7/7
  4273 | D:5      | Noticed Eustachio
  4274 | D:5      | You fall into a shaft and drop 2 floors!
  4596 | D:7      | Reached skill level 6 in Maces & Flails
  4638 | D:7      | Reached skill level 5 in Fighting
  4718 | D:7      | Killed from afar by an orc priest

Illustrated notes

Levels and vault maps discovered:
D:1:      lemuel_arrival_broad_hall, layout_basic, ebering_ecumenical_altar_mist
D:2:      layout_basic, serial_aquarium, aquarium_bridge_square
          [aquarium_subvault_window, aquarium_subvault_balcony,
          aquarium_subvault_bridge, aquarium_subvault_window],
          aquarium_window_1, aquarium_window_fake, aquarium_window_2,
          aquarium_view_2a, aquarium_view_2d, uniq_jessica
D:3:      layout_basic, serial_shops, nicolae_shop_behind_doors
D:4:      layout_rooms, amcnicky_mini_pool_small
D:5:      layout_basic, serial_shops, nicolae_shop_behind_doors,
          grunt_decor_one_mirror, kennysheep_minor_cross, uniq_eustachio
D:7:      minmay_cornered_nines, layout_basic, enter_bailey_8

Skill      XL: |  1  2  3  4  5  6  7 |
---------------+----------------------+-----
Maces & Flails | 4 5 6 |  6.1
Dodging        | 2 3 |  3.3
Armour         | 3 4 |  4.7
Fighting       | 4 5 |  5.0
Stealth        | 1 |  1.9
Throwing       | |  0.3

Action                   |  1- 3 |  4- 6 |  7- 9 || total
-------------------------+-------+-------+-------++-------
Melee: Mace              |    59 |   166 |    69 ||   294
       Punch             |     2 |     1 |       ||     3
Throw: Stone             |       |     3 |       ||     3
Invok: Berserk           |       |     2 |     1 ||     3
  Use: Scroll            |       |     5 |       ||     5
Armor: Animal skin       |    11 |       |       ||    11
       Robe              |    16 |    76 |    30 ||   122
Dodge: Dodged            |    44 |   113 |    48 ||   205
